 Dungeon Crawl Stone Soup version 0.24-a0-434-gd57e52fea8 (webtiles) character file.

Game seed: 18085990481973873515

809320 Peloso the Minotaur Barricade (level 27, 0/273 HPs)
             Began as a Minotaur Fighter on June 16, 2019.
             Was the Champion of Okawaru.
             Killed from afar by a hellion (37 damage)
             ... with damnation
             ... in Pandemonium on June 17, 2019.
             The game lasted 06:57:25 (103582 turns).

Peloso the Minotaur Barricade (Minotaur Fighter)  Turns: 103582, Time: 06:57:26

Health: 0/273      AC: 59    Str: 33    XL:     27
Magic:  27/27      EV: 13    Int:  5    God:    Okawaru [******]
Gold:   8250       SH: 41    Dex: 19    Spells: 25/26 levels left

rFire    + . .     SeeInvis +   a - +7 Singing Sword {slice, sonic wave}
rCold    + . .     Gourm    .   M - +10 large shield of Ignorance {rN+ Int-4}
rNeg     + . .     Faith    .   B - +8 orange crystal plate armour {Archmagi, Int+3 Clar}
rPois    +         Spirit   .   g - +0 hat {SInv}
rElec    +         Reflect  +   W - +4 dragonskin cloak
rCorr    .         Harm     .   h - +3 pair of gauntlets of War {Slay+5}
MR       ++...     Clarity  +   v - +2 pair of boots
Stlth    ..........             z - amulet of Ziniuv {Reflect Dex+4 SH+2}
HPRegen  0.95/turn              Z - ring of the Octopus King {AC+1 EV+1 Str+1 Int+1 Dex+1 Stlth+}
MPRegen  0.20/turn              H - ring "Cimpeuc" {rElec rPois MP-9 AC+2}

@: very slightly contaminated
A: retaliatory headbutt, horns 2, iridescent scales 1, blink, regeneration 1,
screaming 1, strong 1, subdued magic 1
}: 5/15 runes: serpentine, barnacled, slimy, silver, demonic
a: Blink, Heroism, Finesse, Renounce Religion


You were in Pandemonium.
You worshipped Okawaru.
Okawaru was exalted by your worship.
You were not hungry.

You visited 13 branches of the dungeon, and saw 59 of its levels.
You visited Pandemonium 1 time, and saw 3 of its levels.
You visited 1 bazaar.
You also visited: Ice Cave, Wizlab and Desolation.

You collected 10261 gold pieces.
You spent 2011 gold pieces at shops.

Inventory:

Hand Weapons
 a - the +7 Singing Sword (weapon) {slice, sonic wave}
   (Okawaru gifted it to you on level 1 of the Snake Pit)

   It inflicts extra damage upon your enemies.
 b - the +4 falchion of the Grey Skies {slice, rF+ rN++ Str+3 Stlth+}
   (You took it off a deep elf mage on level 13 of the Dungeon)

   It inflicts extra damage upon your enemies.
   It affects your strength (+3).
   It protects you from fire.
   It greatly protects you from negative energy.
   It makes you more stealthy.
 y - a +2 long sword of flaming
 A - a +2 double sword of electrocution
 G - the +3 scimitar of Plog {antimagic, rPois rF+}
   (You found it on level 5 of the Pits of Slime)

   It reduces the magical energy of the wielder, and disrupts the spells and
   magical abilities of those hit.
   Natural abilities and divine invocations are not affected.
   It protects you from fire.
   It protects you from poison.
Missiles
 q - 7 silver boomerangs (quivered)
Armour
 d - a scarf of cloud immunity
 g - a +0 hat of see invisible (worn)
 h - the +3 pair of gauntlets of War (worn) {Slay+5}
   (Okawaru gifted it to you on level 3 of the Elven Halls)

   It affects your accuracy and damage with ranged weapons and melee attacks
   (+5).
 l - the +2 hat of Charity {rCorr}
   (Okawaru gifted it to you on level 4 of the Realm of Zot)

   It provides partial protection from all sources of acid and corrosion.
 s - a scarf of repulsion
 t - a +2 shield of positive energy
 v - a +2 pair of boots (worn)
 w - a +1 hat of magic resistance
 B - the +8 orange crystal plate armour (worn) {Archmagi, Int+3 Clar}
   (You found it in the Desolation of Salt)

   It affects your intelligence (+3).
   It protects you against confusion.
 E - a scarf of resistance
 L - the +6 plate armour "Meirch" {*Slow rElec rN++ Int+9}
   (You took it off a gelid demonspawn in Pandemonium)

   It affects your intelligence (+9).
   It insulates you from electricity.
   It greatly protects you from negative energy.
   It may slow you when you take damage.
 M - the +10 large shield of Ignorance (worn) {rN+ Int-4}
   (You found it on level 5 of the Pits of Slime)

   It affects your intelligence (-4).
   It protects you from negative energy.
 W - the +4 dragonskin cloak (worn)
   (You took it off Tiamat on level 3 of the Realm of Zot)
Jewellery
 z - the amulet of Ziniuv (around neck) {Reflect Dex+4 SH+2}
   (You took it off a draconian annihilator on level 4 of the Realm of Zot)

   [amulet of reflection]

   It shields you and reflects attacks.
   It affects your dexterity (+4).
   It affects your SH (+2).
 D - the ring of Jemuaph {rCorr MP+9 Dex+3}
   (You found it on level 5 of the Pits of Slime)

   [ring of resist corrosion]

   It affects your dexterity (+3).
   It affects your magic capacity (+9).
   It provides partial protection from all sources of acid and corrosion.
 H - the ring "Cimpeuc" (right hand) {rElec rPois MP-9 AC+2}
   (You found it on level 4 of the Depths)

   [ring of protection]

   It affects your AC (+2).
   It insulates you from electricity.
   It protects you from poison.
   It affects your magic capacity (-9).
 Q - an uncursed ring of resist corrosion
 Z - a ring of the Octopus King (left hand) {AC+1 EV+1 Str+1 Int+1 Dex+1 Stlth+}
   (You found it on level 3 of the Elven Halls)

   [ring of stealth]

   It affects your AC (+1).
   It affects your evasion (+1).
   It affects your strength (+1).
   It affects your intelligence (+1).
   It affects your dexterity (+1).
   It makes you more stealthy.
Wands
 R - a wand of disintegration (6)
Scrolls
 c - 3 scrolls of fear
 i - 27 scrolls of remove curse
 m - 17 scrolls of teleportation
 o - 7 scrolls of blinking
 p - 7 scrolls of identify
 C - 4 scrolls of summoning
 I - a scroll of enchant weapon
 K - a scroll of silence
 N - 3 scrolls of magic mapping
 V - 6 scrolls of noise
Potions
 e - 4 potions of haste
 j - 16 potions of curing
 n - 8 potions of might
 r - a potion of resistance
 u - 3 potions of flight
 x - 3 potions of cancellation
 J - a potion of invisibility
 O - 2 potions of berserk rage
 P - 6 potions of agility
 S - a potion of mutation
 T - a potion of magic
Miscellaneous
 k - a phial of floods (inert)
Comestibles
 f - 85 rations


   Skills:
 O Level 27 Fighting
 O Level 27 Long Blades
 + Level 0.8 Throwing
 O Level 27 Armour
 + Level 5.4 Dodging
 + Level 15.6 Stealth
 O Level 27 Shields
 + Level 20.4 Invocations
 + Level 8.6 Evocations


You had 25 spell levels left.
You knew the following spells:

 Your Spells              Type           Power        Failure   Level  Hunger
a - Freeze                Ice            #...         92%         1    ##.....

Your spell library contained the following spells:

 Spells                   Type           Power        Failure   Level  Hunger
 Animate Skeleton         Necr           N/A          92%         1    ##.....
 Beastly Appendage        Tmut           #.....       92%         1    ##.....
 Confusing Touch          Hex            #.....       92%         1    ##.....
 Corona                   Hex            #......      92%         1    ##.....
 Flame Tongue             Conj/Fire      #....        92%         1    ##.....
 Infusion                 Chrm           #...         92%         1    ##.....
 Magic Dart               Conj           #...         92%         1    ##.....
 Pain                     Necr           #...         92%         1    ##.....
 Sandblast                Erth           #.....       92%         1    ##.....
 Shock                    Conj/Air       #...         92%         1    ##.....
 Sting                    Conj/Pois      #...         92%         1    ##.....
 Summon Butterflies       Summ           #.......     92%         1    ##.....
 Summon Small Mammal      Summ           #...         92%         1    ##.....
 Blink                    Tloc           N/A          98%         2    ###....
 Call Imp                 Summ           #.......     98%         2    ###....
 Corpse Rot               Necr           N/A          98%         2    ###....
 Ensorcelled Hibernation  Hex/Ice        #.....       98%         2    ###....
 Passwall                 Tmut/Erth      #.......     98%         2    ###....
 Poisonous Vapours        Pois/Air       #.....       98%         2    ###....
 Searing Ray              Conj           #.....       98%         2    ###....
 Shroud of Golubria       Chrm/Tloc      #.....       98%         2    ###....
 Slow                     Hex            #.......     98%         2    ###....
 Song of Slaying          Chrm           #.......     98%         2    ###....
 Sticks to Snakes         Tmut           #.......     98%         2    ###....
 Sublimation of Blood     Necr           #.........   98%         2    ###....
 Swiftness                Chrm/Air       #.......     98%         2    ###....
 Throw Flame              Conj/Fire      #.....       98%         2    ###....
 Throw Frost              Conj/Ice       #.....       98%         2    ###....
 Call Canine Familiar     Summ           #.......     100%        3    ####...
 Confuse                  Hex            #.......     100%        3    ####...
 Conjure Flame            Conj/Fire      #.......     100%        3    ####...
 Dazzling Spray           Conj/Hex       #.....       100%        3    ####...
 Gell's Gravitas          Tloc           #.........   100%        3    ####...
 Ignite Poison            Fire/Tmut/Pois #.......     100%        3    ####...
 Inner Flame              Hex/Fire       #.......     100%        3    ####...
 Lesser Beckoning         Tloc           #.........   100%        3    ####...
 Mephitic Cloud           Conj/Pois/Air  #.......     100%        3    ####...
 Ozocubu's Armour         Chrm/Ice       #.......     100%        3    ####...
 Portal Projectile        Hex/Tloc       #.....       100%        3    ####...
 Recall                   Summ/Tloc      N/A          100%        3    ####...
 Regeneration             Chrm/Necr      #.........   100%        3    ####...
 Spectral Weapon          Hex/Chrm       #.......     100%        3    ####...
 Spider Form              Tmut/Pois      #.........   100%        3    ####...
 Static Discharge         Conj/Air       #.......     100%        3    ####...
 Stone Arrow              Conj/Erth      #.....       100%        3    ####...
 Summon Guardian Golem    Hex/Summ       #.......     100%        3    ####...
 Teleport Other           Tloc           #.......     100%        3    ####...
 Tukima's Dance           Hex            #.......     100%        3    ####...
 Vampiric Draining        Necr           #.........   100%        3    ####...
 Airstrike                Air            #.........   100%        4    #####..
 Animate Dead             Necr           N/A          100%        4    #####..
 Cause Fear               Hex            #.........   100%        4    #####..
 Force Lance              Conj/Tloc      #.......     100%        4    #####..
 Fulminant Prism          Conj/Hex       #.........   100%        4    #####..
 Ice Form                 Ice/Tmut       #.......     100%        4    #####..
 Iskenderun's Mystic Bla  Conj           #.......     100%        4    #####..
 Leda's Liquefaction      Hex/Erth       #.........   100%        4    #####..
 Olgreb's Toxic Radiance  Pois           #.......     100%        4    #####..
 Passage of Golubria      Tloc           N/A          100%        4    #####..
 Petrify                  Tmut/Erth      #.......     100%        4    #####..
 Sticky Flame             Conj/Fire      #.......     100%        4    #####..
 Summon Ice Beast         Ice/Summ       #.......     100%        4    #####..
 Summon Lightning Spire   Summ/Air       #.......     100%        4    #####..
 Throw Icicle             Conj/Ice       #.......     100%        4    #####..
 Agony                    Necr           #.......     100%        5    ######.
 Alistair's Intoxication  Tmut/Pois      #.......     100%        5    ######.
 Aura of Abjuration       Summ           #.........   100%        5    ######.
 Blade Hands              Tmut           #.........   100%        5    ######.
 Bolt of Draining         Conj/Necr      #.........   100%        5    ######.
 Bolt of Magma            Conj/Fire/Erth #.........   100%        5    ######.
 Borgnjor's Vile Clutch   Necr/Erth      #.........   100%        5    ######.
 Dispel Undead            Necr           #.......     100%        5    ######.
 Excruciating Wounds      Chrm/Necr      #.........   100%        5    ######.
 Fireball                 Conj/Fire      #.........   100%        5    ######.
 Irradiate                Conj/Tmut      #.........   100%        5    ######.
 Iskenderun's Battlesphe  Conj/Chrm      #.......     100%        5    ######.
 Lee's Rapid Deconstruct  Erth           #.........   100%        5    ######.
 Lightning Bolt           Conj/Air       #.........   100%        5    ######.
 Metabolic Englaciation   Hex/Ice        #.........   100%        5    ######.
 Silence                  Hex/Air        #.........   100%        5    ######.
 Summon Demon             Summ           #.........   100%        5    ######.
 Summon Forest            Summ/Tloc      #.........   100%        5    ######.
 Summon Mana Viper        Hex/Summ       #.......     100%        5    ######.
 Venom Bolt               Conj/Pois      #.........   100%        5    ######.
 Yara's Violent Unravell  Hex/Tmut       #.........   100%        5    ######.
 Bolt of Cold             Conj/Ice       #.........   100%        6    #######
 Bolt of Fire             Conj/Fire      #.........   100%        6    #######
 Conjure Ball Lightning   Conj/Air       #.........   100%        6    #######
 Darkness                 Hex            #.........   100%        6    #######
 Deflect Missiles         Chrm/Air       #.........   100%        6    #######
 Freezing Cloud           Conj/Ice/Air   #.........   100%        6    #######
 Hydra Form               Tmut           #.........   100%        6    #######
 Invisibility             Hex            #.......     100%        6    #######
 Iron Shot                Conj/Erth      #.........   100%        6    #######
 Shadow Creatures         Summ           N/A          100%        6    #######
 Simulacrum               Ice/Necr       #.........   100%        6    #######
 Statue Form              Tmut/Erth      #........    100%        6    #######
 Dragon Form              Tmut           #.........   100%        7    #######
 Orb of Destruction       Conj           #.........   100%        7    #######
 Ring of Flames           Chrm/Fire      #.........   100%        7    #######
 Spellforged Servitor     Conj/Summ      #.........   100%        7    #######
 Summon Hydra             Summ           #.........   100%        7    #######
 Discord                  Hex            #.........   100%        8    #######
 Ignition                 Fire           #.........   100%        8    #######
 Dragon's Call            Summ           #.........   100%        9    #######
 Shatter                  Erth           #.........   100%        9    #######
 Tornado                  Air            #.........   100%        9    #######


Dungeon Overview and Level Annotations

Branches:
Dungeon (15/15)            Temple (1/1) D:6            Lair (6/6) D:10
 Shoals (4/4) Lair:2        Snake (4/4) Lair:4        Slime (5/5) Lair:5
    Orc (2/2) D:9             Elf (3/3) Orc:2        Vaults (5/5) D:13
  Crypt (3/3) Vaults:3       Tomb (0/3) Crypt:3      Depths (5/5) D:15
   Hell (1/1)                 Dis (0/7) Hell            Geh (0/7) Hell
    Coc (0/7) Hell            Tar (0/7) Hell            Zot (5/5) Depths:5

Altars:
Ashenzari
Cheibriados
Dithmenos
Elyvilon
Fedhas
Hepliaklqana
Kikubaaqudgha
Makhleb
Nemelex Xobeh
Okawaru
Qazlal
Ru
Sif Muna
Trog
Uskayaw
Vehumet
Wu Jian
Xom
Yredelemnul
Zin
The Shining One
Beogh
Jiyva

Shops:
D:8 [   D:12 (}(   D:15 =*=(   Orc:2 ((:}   Elf:3 [!(*   Snake:4 %   Vaults:1 ?
Vaults:3 ([

Portals:
Hell: Depths:1 Depths:2 Depths:3 Depths:4 Depths:5
Abyss: Depths:3 Depths:4 Depths:5
Pandemonium: Depths:1 Depths:3
Ziggurat: Depths:3

Annotations:
Depths:4 3 runed translucent doors


Innate Abilities, Weirdness & Mutations

You reflexively headbutt those who attack you in melee.
You have a pair of horns on your head.
You are partially covered in iridescent scales. (AC +2)
You can translocate small distances at will.
Your natural rate of healing is unusually fast.
You occasionally shout uncontrollably at your foes.
Your muscles are strong. (Str +2)
Your spells are a little easier to cast, but a little less powerful.


Message History

You hear a deafening roar!
You hear a hideous shriek! x2
You feel better.
A soul eater comes into view.
You feel better.
The soul eater draws from the surrounding life force!
* * * LOW HITPOINT WARNING * * *
The hellion gestures at you.
The sphere of damnation explodes!
The damnation engulfs you!!
* * * LOW HITPOINT WARNING * * *
You hear a trumpeting!
Blink to where?
Press: ? - help, Dir - move target cursor You are very lightly contaminated with residual magic.
As you read the scroll of blinking, it crumbles to dust.
You feel better.
You feel better.
You feel better. The hellion gestures at you.
The sphere of damnation explodes!
The damnation engulfs you!!!
You die...

...########...##...##############
.................................
.................................
.......##########################
≈.##[..#
≈≈.#...##########################
≈≈.#...........................##
≈≈............................##≈
§≈≈.3...........@.......:.....#≈≈
≈≈≈§.....###..2######........##≈≈
2§§≈.....# #...# #...##...##≈≈
2≈§§.....###...######...##...###≈
&≈§§....................##.....##
≈§§§.......2....................#
≈≈§§............................#
§≈........######...............##
≈≈........# #..#####........##


You could see a hellion.

Vanquished Creatures
  2 pandemonium lords (Pan)
  the Royal Jelly (Slime:5)
  An ancient lich (Zot:5)
  Tiamat (Zot:3)
  10 orbs of fire
  Boris (Crypt:1)
  5 Killer Klowns (Zot:5)
  Bai Suzhen (Depths:1)
  Frederick (Vaults:4)
  A shard shrike (Zot:5)
  A caustic shrike (Depths:2)
  2 curse toes
  Geryon (Hell)
  2 profane servitors (Crypt:3)
  the Enchantress (Depths:3)
  16 golden dragons
  A bone dragon (Crypt:3)
  A Brimstone Fiend (Pan)
  3 electric golems
  4 liches
  Jorgrun (Snake:2)
  11 tentacled monstrosities
  The ghost of ssgaztpd the Warrior, an adept TrBe of Trog (Elf:3)
  The ghost of Titud the Ninja, an adept SpEn of Wu Jian (Elf:2)
  25 Orb Guardians (Zot:5)
  8 quicksilver dragons
  5 titans
  A deep elf blademaster (Elf:3)
  Asterion (Depths:1)
  Polyphemus (Shoals:4)
  5 sphinxes
  A kraken (Shoals:1)
  19 acid blobs
  Frances (D:12)
  An ancient champion (Crypt:1)
  4 Executioners (Pan)
  9 death cobs
  Gastronok (Lair:2)
  Donald (Elf:1)
  16 storm dragons
  8 draconian monks
  7 shadow dragons
  10 tengu reavers
  A revenant (Crypt:2)
  8 nagarajas
  17 vault wardens
  12 azure jellies
  3 blood saints (Pan)
  The ghost of Ceurooq the Protected, an adept HaBe of Trog (D:15)
  8 draconian knights
  The ghost of Elric the Hand of Fortune, an adept GrFi of Nemelex Xobeh (Shoals:2)
  An orc warlord (Vaults:3)
  10 fire giants
  7 deep elf sorcerers
  3 imperial myrmidons (Desolation)
  An iron dragon (Zot:4)
  6 ghost moths
  2 balrugs
  7 cacodemons (Pan)
  12 draconian scorchers
  5 deep elf elementalists
  3 draconian shifters
  8 frost giants
  11 draconian annihilators
  6 draconian stormcallers
  18 ironheart preservers
  11 spriggan defenders
  3 curse skulls
  9 ghouls (Crypt:3)
  A war gargoyle (Vaults:5)
  18 stone giants
  2 entropy weavers
  9 reapers
  6 caustic shrike skeletons (Depths:3)
  8 very ugly things
  19 black draconians
  9 green draconians
  Azrael (Elf:1)
  8 deep elf demonologists
  2 corrupters (Pan)
  9 white draconians
  3 black suns (Pan)
  A halazid warlock (Desolation)
  A minotaur (shapeshifter) (Vaults:5)
  10 deep elf annihilators
  13 red draconians
  4 yellow draconians
  8 vampire knights
  27 purple draconians
  A spectral titan (Crypt:1)
  2 lorocyprocas (Pan)
  A dire elephant (Depths:3)
  A spark wasp (Zot:1)
  9 statues (WizLab)
  2 green deaths
  3 crystal guardians
  A minotaur (D:15)
  4 blizzard demons
  A mummy priest (Crypt:3)
  10 merfolk impalers
  The ghost of Eurus the Tainter, a journeyman NaVM of Cheibriados (D:10)
  6 merfolk javelineers
  15 ettins
  7 jiangshi
  11 deep elf death magi
  9 fire dragons
  10 death oozes (Slime:5)
  A fire dragon (shapeshifter) (Depths:1)
  6 deep elf high priests
  18 yaktaur captains
  9 great orbs of eyes
  8 eidola
  11 ice dragons
  The ghost of For Bec the Geomancer, a journeyman GrEE of Vehumet (D:14)
  6 ragged hierophants (Desolation)
  15 ogre magi
  7 peacekeepers
  4 monstrous demonspawn (Pan)
  5 spriggan air magi
  36 vault guards
  7 rakshasas
  7 servants of whispers (Desolation)
  4 catoblepae
  3 hydras
  17 naga warriors
  20 anacondas
  Erolcha (Orc:2)
  A merfolk aquamancer (Shoals:4)
  11 centaur warriors
  4 death knights
  Erica (D:8)
  11 death yaks
  3 satyrs
  An alligator snapping turtle (Shoals:3)
  42 two-headed ogres
  7 deep troll shamans
  22 dancing weapons
  5 orc high priests
  11 hell hogs
  10 tengu warriors
  3 vampire magi
  2 titan zombies
  7 deep troll earth magi
  8 spriggan berserkers
  Urug (D:10)
  14 shock serpents
  27 sun demons
  35 soul eaters
  Sonja (D:12)
  9 naga sharpshooters
  2 storm dragon zombies
  3 iron trolls
  27 deep elf knights
  4 shadow wraiths
  An entropy weaver zombie (Crypt:2)
  A salamander mystic (Snake:4)
  27 skeletal warriors
  10 sixfirhies
  5 hell knights
  2 torturous demonspawn (Pan)
  8 unseen horrors
  6 glowing orange brains
  22 deep trolls
  7 spriggan druids (Depths:3)
  10 shadow demons (Pan)
  8 naga ritualists
  2 infernal demonspawn (Pan)
  14 sea snakes
  6 flayed ghosts
  3 gelid demonspawn (Pan)
  25 phantasmal warriors
  11 deep elf archers
  A lindwurm (shapeshifter) (Vaults:4)
  5 wizards
  8 necromancers
  9 mana vipers
  24 ironbrand convokers
  Pikel (D:6)
  25 orc knights
  34 harpies
  2 shadow dragon zombies
  A wolf spider zombie (Crypt:3)
  2 iron dragon zombies (Crypt:3)
  An orb spider (shapeshifter) (D:15)
  9 orc sorcerers
  89 deep elf magi
  A frost giant zombie (Crypt:3)
  5 wolf spiders
  11 fauns
  2 fire giant zombies (Crypt:3)
  2 human zombies
  A faun (shapeshifter) (Vaults:5)
  An iron dragon skeleton (Crypt:1)
  A mana viper (shapeshifter) (Vaults:4)
  5 oklob plants
  9 salamanders
  A stone giant zombie (Depths:1)
  15 manticores
  A shadow dragon skeleton (Crypt:1)
  6 shining eyes
  31 ugly things
  23 moths of wrath
  A moth of wrath (shapeshifter) (Depths:4)
  9 cyclopes
  35 black mambas
  5 merfolk sirens
  An elephant (Lair:2)
  A shock serpent zombie (Crypt:1)
  11 guardian serpents
  8 centaur zombies
  2 molten gargoyles
  A torpor snail (shapeshifter) (Vaults:1)
  9 water nymphs
  11 vault sentinels
  19 naga magi
  2 stone giant skeletons
  4 ice statues
  4 eyes of devastation
  2 rust devils
  3 gargoyles
  An eye of devastation (shapeshifter) (Depths:3)
  34 smoke demons
  4 centaur skeletons
  A dire elephant skeleton (Crypt:1)
  5 spiny frogs
  20 hellions
  A kobold demonologist (D:15)
  10 orange demons (Pan)
  An emperor scorpion zombie (Crypt:3)
  18 freezing wraiths
  34 yaktaurs
  A red draconian zombie (Crypt:2)
  5 rime drakes
  3 tormentors
  An anaconda simulacrum (Hell)
  9 komodo dragons
  2 ice devils
  16 demonic crawlers
  4 hellwings (Pan)
  A queen bee (D:12)
  3 guardian mummies (Zot:4)
  6 harpy zombies
  3 meliai (D:12)
  3 hydra zombies
  8 tengu conjurers
  A jumping spider (shapeshifter) (Depths:3)
  A polar bear (shapeshifter) (Vaults:1)
  4 red devils
  25 merfolk
  A queen bee (shapeshifter) (Vaults:2)
  19 hornets
  A wolf spider simulacrum (D:15)
  A purple draconian skeleton (Crypt:1)
  A slime creature (shapeshifter) (Depths:4)
  A wind drake (shapeshifter) (Depths:2)
  A tengu simulacrum (Vaults:3)
  A troll (shapeshifter) (Zot:4)
  5 trolls
  Prince Ribbit (D:7)
  3 jumping spiders
  A harpy skeleton (Crypt:2)
  2 hydra skeletons (Hell)
  47 saltlings (Desolation)
  A blink frog (shapeshifter) (Vaults:5)
  9 wind drakes
  4 dream sheep (Shoals:1)
  57 slime creatures
  A polar bear (Lair:3)
  A dream sheep (shapeshifter) (Vaults:4)
  A hippogriff (shapeshifter) (Depths:1)
  8 blink frogs (Lair:5)
  3 ice dragon zombies
  A frost giant simulacrum (Depths:1)
  17 large abominations (Pan)
  2 raiju (Zot:1)
  10 snapping turtles
  A fire dragon zombie (Crypt:3)
  A meliai zombie (D:11)
  A centaur simulacrum (D:15)
  18 hippogriffs
  Sigmund (D:3)
  A black mamba zombie (Crypt:3)
  8 redbacks
  6 air elementals
  An ettin skeleton (Depths:1)
  A spriggan (shapeshifter) (Vaults:2)
  7 shadows
  44 spriggans
  13 ynoxinuls (Pan)
  11 wraiths
  An alligator skeleton (Hell)
  A satyr skeleton (Crypt:1)
  11 wyverns
  2 ushabtiu (Crypt:3)
  A black mamba skeleton (Crypt:2)
  2 golden eyes (Slime:2)
  Grum (D:8)
  11 basilisks
  27 water elementals
  35 yaks
  A hog (shapeshifter) (Vaults:5)
  4 fire bats (Pan)
  3 neqoxecs
  A steam dragon (shapeshifter) (D:15)
  2 steam dragons
  4 hungry ghosts
  12 fire elementals
  12 chaos spawn (Pan)
  A catoblepas simulacrum (Hell)
  5 vampire mosquitoes
  A warg (shapeshifter) (Vaults:3)
  A swamp worm (shapeshifter) (Vaults:5)
  A naga (shapeshifter) (Vaults:1)
  An acid dragon (Vaults:1)
  52 nagas
  A deep troll zombie (Vaults:3)
  Duvessa (D:7)
  4 wargs
  7 water moccasins
  3 soldier ants
  An infernal demonspawn skeleton (Crypt:2)
  2 spiny frog zombies
  A floating eye (shapeshifter) (Vaults:5)
  5 porcupines
  A gelid demonspawn skeleton (Hell)
  8 ice beasts
  A merfolk skeleton (Crypt:2)
  An ice dragon simulacrum (Depths:1)
  A swamp drake (D:10)
  6 sky beasts
  7 hell hounds
  47 orc warriors
  2 phantoms (D:10)
  A spriggan simulacrum (Depths:1)
  6 black bears
  An elf zombie (Vaults:4)
  18 necrophages
  2 snapping turtle zombies (Crypt:3)
  13 wolves
  11 boggarts
  7 eyes of draining
  40 ogres
  14 centaurs
  10 crocodiles
  A snapping turtle skeleton (Crypt:1)
  A human skeleton (Vaults:4)
  5 big kobolds
  A fire crab zombie (Crypt:2)
  A hippogriff zombie (Crypt:2)
  17 bullfrogs
  3 wyvern zombies
  A draconian skeleton (Crypt:1)
  2 gnoll sergeants
  3 earth elementals (Elf:1)
  A water moccasin zombie (D:11)
  3 scorpions
  A water moccasin skeleton (D:9)
  6 wyvern skeletons (Crypt:3)
  Dowan (D:7)
  3 human simulacra
  28 killer bees
  A spriggan skeleton (Crypt:1)
  4 howler monkeys
  17 wights
  An electric eel (Lair:3)
  7 crimson imps
  11 hounds
  2 bullfrog zombies
  15 orc priests
  5 bullfrog skeletons
  7 jellies
  2 gnoll shamans
  25 orc wizards
  Terence (D:3)
  9 iguanas
  14 worker ants
  4 hell rats (Hell)
  5 lightning spires (Zot:1)
  A killer bee zombie (D:10)
  A felid zombie (Crypt:2)
  A naga zombie (Crypt:1)
  A big kobold skeleton (Crypt:2)
  3 hound skeletons
  A mummy (Crypt:3)
  3 worker ant zombies
  18 gnolls
  2 howler monkey skeletons
  20 adders
  8 shadow imps
  2 white imps (Hell)
  4 oozes (Lair:5)
  An adder zombie (D:9)
  An adder skeleton (D:6)
  3 worms
  3 ball lightnings (Zot:1)
  8 dart slugs
  5 leopard geckos
  91 orcs
  7 giant cockroaches
  7 goblins
  6 hobgoblins
  7 jackals
  4 quokkas
  2 ball pythons (D:3)
  7 bats
  3 frilled lizards
  A giant cockroach zombie (D:6)
  A goblin skeleton (Crypt:1)
  18 kobolds
  A kobold zombie (Crypt:3)
  A leopard gecko skeleton (D:9)
  7 rats
  4 bushes (Depths:3)
  2 crawling corpses (Vaults:4)
  2 fungi
  110 plants
  3 withered plants (Crypt:3)
3233 creatures vanquished.

Vanquished Creatures (others)
  A storm dragon (Zot:1)
  2 ghost moths (Zot:4)
  A fire giant (Depths:2)
  A draconian knight (Zot:3)
  A stone giant (Depths:1)
  A black draconian (Zot:1)
  A deep elf death mage (Vaults:5)
  6 yaktaur captains
  4 centaur warriors
  A death yak (Lair:5)
  A deep elf knight (Elf:2)
  A sun demon (Pan)
  2 deep elf archers
  16 yaktaurs
  A tengu conjurer (Depths:1)
  A harpy zombie (Hell)
  2 hornets
  A spriggan (Depths:3)
  A boggart (Depths:1)
  2 ogres
  A centaur (Depths:2)
  A wyvern zombie (Crypt:1)
  An orc wizard (Orc:2)
  An adder skeleton (D:7)
  2 ball lightnings (Zot:1)
  A leopard gecko (D:7)
  A fungus (Lair:5)
  13 plants
68 creatures vanquished.

Grand Total: 3301 creatures vanquished

Notes
Turn   | Place    | Note
-------+----------+-------------------------------------------
     0 | D:1      | Peloso the Minotaur Fighter began the quest for the Orb.
     0 | D:1      | Reached XP level 1. HP: 19/19 MP: 0/0
   222 | D:1      | Reached XP level 2. HP: 27/27 MP: 1/1
   915 | D:2      | Reached XP level 3. HP: 28/33 MP: 2/2
   978 | D:2      | Found a hide-covered altar of Uskayaw.
   981 | D:2      | Found a hazy altar of Hepliaklqana.
   992 | D:2      | Found an ornate altar of the Wu Jian Council.
   999 | D:2      | Found a glowing golden altar of the Shining One.
  1023 | D:2      | Found a faded altar of an unknown god.
  1163 | D:2      | Reached XP level 4. HP: 40/40 MP: 3/3
  1229 | D:2      | Found a shimmering altar of Xom.
  1674 | D:2      | Found a snail-covered altar of Cheibriados.
  1766 | D:3      | Reached XP level 5. HP: 46/46 MP: 4/4
  2086 | D:3      | Noticed Sigmund
  2100 | D:3      | Killed Sigmund
  2100 | D:3      | Reached skill level 5 in Long Blades
  2100 | D:3      | Reached skill level 1 in Dodging
  2100 | D:3      | Reached skill level 5 in Shields
  2100 | D:3      | Reached XP level 6. HP: 34/53 MP: 5/5
  2162 | D:3      | Noticed Terence
  2174 | D:3      | Killed Terence
  2598 | D:4      | Reached skill level 5 in Armour
  2691 | D:4      | Found an ancient bone altar of Kikubaaqudgha.
  2712 | D:4      | Reached XP level 7. HP: 59/60 MP: 6/6
  2929 | D:4      | Found a white marble altar of Elyvilon.
  3008 | D:5      | Entered Level 5 of the Dungeon
  3349 | D:5      | Reached skill level 5 in Fighting
  3590 | D:5      | Reached XP level 8. HP: 24/69 MP: 7/7
  4765 | D:6      | Found a shadowy altar of Dithmenos.
  4825 | D:6      | Found a staircase to the Ecumenical Temple.
  4847 | Temple   | Entered the Ecumenical Temple
  4865 | Temple   | Became a worshipper of Warmaster Okawaru
  4930 | D:6      | Found a stormy altar of Qazlal.
  4954 | D:6      | Noticed an air elemental
  5079 | D:6      | Reached XP level 9. HP: 64/78 MP: 8/8
  5677 | D:7      | Reached * piety under Okawaru
  5703 | D:7      | Noticed Pikel
  5791 | D:6      | Reached skill level 10 in Long Blades
  5808 | D:6      | Killed Pikel
  5892 | D:7      | Got a diamond-encrusted plate armour
  5898 | D:7      | Identified the cursed +1 plate armour of the Eternal Fruit
                  | {rF+ Regen+} (You found it on level 7 of the Dungeon)
  5956 | D:7      | Found a radiant altar of Vehumet.
  5961 | D:7      | Noticed Prince Ribbit
  6040 | D:7      | Noticed Dowan
  6041 | D:7      | Noticed Duvessa
  6052 | D:7      | Killed Dowan
  6052 | D:7      | Reached ** piety under Okawaru
  6067 | D:7      | Killed Duvessa
  6442 | D:8      | Noticed Grum
  6478 | D:8      | Killed Grum
  6806 | D:8      | Noticed Erica
  6807 | D:8      | Found Buen's Antique Armour Emporium.
  6830 | D:8      | Killed Erica
  6830 | D:8      | Reached *** piety under Okawaru
  6830 | D:8      | Reached XP level 10. HP: 52/86 MP: 9/9
  6862 | D:8      | Noticed a cyclops
  6876 | D:8      | Killed a cyclops
  6878 | D:8      | Reached **** piety under Okawaru
  7599 | D:9      | Reached skill level 10 in Shields
  7664 | D:9      | Reached ***** piety under Okawaru
  7718 | D:9      | Found a burning altar of Makhleb.
  7760 | D:9      | Found a staircase to the Orcish Mines.
  7833 | D:9      | Reached XP level 11. HP: 95/95 MP: 10/10
  8117 | D:9      | Received a gift from Okawaru
  8189 | D:10     | Entered Level 10 of the Dungeon
  8190 | D:10     | Noticed an orc knight
  8190 | D:10     | Noticed Eurus's ghost (journeyman NaVM)
  8352 | D:10     | Noticed a two-headed ogre
  8362 | D:10     | Killed a two-headed ogre
  8362 | D:10     | Reached skill level 10 in Armour
  8393 | D:10     | Found a runed translucent gate.
  8393 | D:10     | Found a runed translucent gate.
  8393 | D:10     | Found a runed translucent gate.
  8720 | D:10     | Noticed a brown ugly thing
  8728 | D:10     | Killed a brown ugly thing
  8778 | D:10     | Noticed Urug
  8964 | D:10     | Found a staircase to the Lair.
  8987 | D:10     | Killed Urug
  9370 | D:11     | Noticed a green ugly thing
  9389 | D:11     | Killed a green ugly thing
  9405 | D:11     | Noticed a two-headed ogre
  9495 | D:11     | Killed a two-headed ogre
  9495 | D:11     | Reached skill level 10 in Fighting
 10020 | D:11     | Reached XP level 12. HP: 94/106 MP: 11/11
 10064 | D:11     | Reached ****** piety under Okawaru
 10067 | D:11     | Noticed a frost giant
 10074 | D:11     | Killed a frost giant
 10074 | D:11     | Received a gift from Okawaru
 10324 | D:11     | Noticed a two-headed ogre
 10327 | D:11     | Killed a two-headed ogre
 10471 | Lair:1   | Entered Level 1 of the Lair of Beasts
 12076 | Lair:2   | Found a staircase to the Shoals.
 12178 | Lair:2   | Noticed Gastronok
 12194 | Lair:2   | Killed Gastronok
 12194 | Lair:2   | Reached skill level 1 in Invocations
 12788 | D:12     | You fall into a shaft and drop 3 floors!
 12788 | D:15     | Entered Level 15 of the Dungeon
 12794 | D:15     | Received a gift from Okawaru
 13281 | D:14     | Found a runed translucent gate.
 13281 | D:14     | Found a runed translucent gate.
 13281 | D:14     | Found a runed translucent gate.
 13281 | D:14     | Noticed For Bec's ghost (journeyman GrEE)
 13303 | D:14     | Reached XP level 13. HP: 116/116 MP: 12/12
 13495 | D:14     | Reached skill level 15 in Long Blades
 13991 | D:13     | Found a frozen archway.
 14041 | IceCv    | Entered an ice cave
 14054 | IceCv    | Found a transporter.
 14268 | IceCv    | Found a transporter.
 14655 | D:13     | Received a gift from Okawaru
 14762 | D:13     | Noticed a fire dragon
 14798 | D:13     | Killed a fire dragon
 14885 | D:13     | Identified the +4 falchion of the Grey Skies {slice, rF+
                  | rN++ Str+3 Stlth+}
 15914 | D:13     | Got a twisted war axe
 15917 | D:13     | Identified the +7 war axe of Uxar {freeze, +Rage MP-9
                  | Dex+2} (You found it on level 13 of the Dungeon)
 16505 | D:13     | Reached XP level 14. HP: 119/129 MP: 14/14
 16741 | D:13     | Found a gate to the Vaults.
 16765 | D:13     | Received a gift from Okawaru
 17298 | D:12     | Reached skill level 15 in Shields
 17390 | D:12     | Noticed Frances
 17414 | D:12     | Killed Frances
 17438 | D:12     | Reached skill level 1 in Stealth
 17464 | D:12     | Found Noson's Antique Weapon Shop.
 17576 | D:12     | Identified Salosm's Almanac of the Venomous Snowflakes
 17577 | D:12     | Found Vojes's Gadget Boutique.
 18202 | D:12     | Found Kudeov's Antique Weapon Shop.
 18268 | D:12     | Noticed Sonja
 18870 | D:14     | Killed For Bec's ghost
 19083 | D:14     | Got an ancient fustibalus
 19228 | D:15     | Found Tigur's General Store.
 19233 | D:15     | Noticed a red very ugly thing
 19234 | D:15     | Found Omotiymp's Jewellery Shoppe.
 19256 | D:15     | Killed a red very ugly thing
 19278 | D:15     | Bought a scroll of enchant armour for 120 gold pieces
 19280 | D:15     | Found Hanisk's Antique Weapon Boutique.
 19546 | D:15     | Found a runed translucent gate.
 19586 | D:15     | Noticed Ceurooq's ghost (adept HaBe)
 19734 | D:15     | Found a runed translucent gate.
 19734 | D:15     | Found a runed translucent gate.
 19808 | D:15     | Found Qaurill's Jewellery Shoppe.
 19842 | D:15     | Received a gift from Okawaru
 19847 | D:15     | Reached skill level 15 in Armour
 20127 | D:15     | Received a gift from Okawaru
 20127 | D:15     | Reached XP level 15. HP: 138/138 MP: 16/16
 20159 | D:15     | Got a bloodstained spear {god gift}
 20160 | D:15     | Identified the +5 spear "Grum" {freeze, rPois rC+ rN+
                  | Dex-2} (Okawaru gifted it to you on level 15 of the
                  | Dungeon)
 20166 | D:15     | Found a staircase to the Depths.
 20244 | D:15     | Got a warped rapier
 20432 | D:15     | Killed Ceurooq's ghost
 20748 | D:15     | Got a transparent dagger
 20757 | D:15     | Got a transparent shortbow
 21032 | Lair:1   | Identified the +9 fustibalus of Abuse {velocity, rC+ SInv}
                  | (You found it on level 14 of the Dungeon)
 21035 | Lair:1   | Identified the +0 dagger of the Countless Shrikes {pierce,
                  | rF+ rC+ MP+9 Dex+3} (You found it on level 15 of the
                  | Dungeon)
 21043 | Lair:1   | Identified the cursed +1 rapier of Syfaopt {pierce,
                  | *Corrode rN+ MR+ SInv} (You found it on level 15 of the
                  | Dungeon)
 21379 | Lair:3   | Received a gift from Okawaru
 22237 | Lair:4   | Found a staircase to the Snake Pit.
 23131 | Lair:5   | Reached skill level 15 in Fighting
 23409 | Lair:5   | Found a staircase to the Slime Pits.
 23541 | Lair:6   | Entered Level 6 of the Lair of Beasts
 23544 | Lair:6   | Found a shimmering altar of Xom.
 23685 | Lair:6   | Received a gift from Okawaru
 26143 | Orc:1    | Entered Level 1 of the Orcish Mines
 26832 | Orc:2    | Entered Level 2 of the Orcish Mines
 26882 | Orc:2    | Found a staircase to the Elven Halls.
 26990 | Orc:2    | Noticed Erolcha
 27103 | Orc:2    | Killed Erolcha
 27103 | Orc:2    | Reached XP level 16. HP: 132/149 MP: 17/17
 28170 | Orc:2    | Found Vuthrups's Weapon Emporium.
 28170 | Orc:2    | Found Neohibem's Antique Weapon Boutique.
 28278 | Orc:2    | Found Giwo's Gadget Emporium.
 28278 | Orc:2    | Found Tesig's Book Boutique.
 28299 | Orc:2    | Bought a warped falchion for 264 gold pieces
 28300 | Orc:2    | Identified the +10 falchion of the Establishment {speed,
                  | Int+3} (You bought it in a shop on level 2 of the Orcish
                  | Mines)
 28563 | Shoals:1 | Entered Level 1 of the Shoals
 29026 | Shoals:1 | Received a gift from Okawaru
 29064 | Shoals:1 | Noticed a kraken
 29100 | Shoals:1 | Killed a kraken
 29917 | Shoals:2 | Found a runed translucent door.
 29918 | Shoals:2 | Found a shimmering altar of Xom.
 29918 | Shoals:2 | Noticed Elric's ghost (adept GrFi)
 29919 | Shoals:2 | Identified the cursed +1 rapier "Ryzxufro" {chaos, rElec
                  | Str+2 SInv Stlth+}
 29923 | Shoals:2 | Received a gift from Okawaru
 30599 | Snake:1  | Entered Level 1 of the Snake Pit
 30802 | Snake:1  | Received a gift from Okawaru
 30803 | Snake:1  | Found the +7 Singing Sword {slice, sonic wave}
 31721 | Snake:2  | Received a gift from Okawaru
 31721 | Snake:2  | Reached XP level 17. HP: 152/159 MP: 18/18
 31804 | Snake:2  | Found a sparkling altar of Nemelex Xobeh.
 31880 | Snake:2  | Reached skill level 5 in Dodging
 32324 | Snake:3  | Noticed Jorgrun
 32347 | Snake:2  | Killed Jorgrun
 33278 | Snake:4  | Entered Level 4 of the Snake Pit
 33486 | Snake:4  | Received a gift from Okawaru
 33798 | Snake:4  | HP: 3/161 [naga sharpshooter/bolt (20)]
 34462 | Snake:4  | Received a gift from Okawaru
 34465 | Snake:4  | Reached XP level 18. HP: 130/171 MP: 14/19
 35672 | Snake:4  | Got a serpentine rune of Zot
 35776 | Snake:4  | Found Zare's Food Shoppe.
 36936 | Shoals:4 | Entered Level 4 of the Shoals
 37471 | Shoals:4 | Noticed Polyphemus
 37893 | Shoals:4 | Killed Polyphemus
 39205 | Shoals:4 | Received a gift from Okawaru
 39233 | Shoals:4 | Got a barnacled rune of Zot
 39308 | Shoals:4 | Identified Nasi's Further Steps in the Arcane Arts
 39820 | Shoals:4 | Identified the ring of the City {rC- Str+3 Int+4 Dex+3
                  | Stlth+}
 40262 | Elf:1    | Entered Level 1 of the Elven Halls
 40694 | Elf:1    | Noticed Azrael
 40700 | Elf:1    | Received a gift from Okawaru
 40708 | Elf:1    | Killed Azrael
 40862 | Elf:1    | Noticed Donald
 40878 | Elf:1    | Killed Donald
 41011 | Elf:1    | Reached XP level 19. HP: 87/181 MP: 20/20
 41716 | Elf:2    | Found a runed translucent door.
 41716 | Elf:2    | Noticed Titud's ghost (adept SpEn)
 41759 | Elf:2    | Found a ruined gateway.
 41776 | Desolati | Entered the Desolation of Salt
 42071 | Desolati | Identified Ucrutai's Collected Works on Lightness and
                  | Summoning
 42101 | Desolati | Got a faintly glowing jade amulet
 42111 | Desolati | Identified the amulet of Zaen {Acrobat MR+ Str+3} (You
                  | found it in the Desolation of Salt)
 42709 | Desolati | Got a twisted mace
 42778 | Desolati | Received a gift from Okawaru
 42790 | Desolati | Got an ancient scale mail {god gift}
 42798 | Desolati | Found the +8 orange crystal plate armour {Archmagi, Int+3
                  | Clar}
 42815 | Desolati | Identified the +1 scale mail of the Good {rElec Int+2
                  | Slay+3} (Okawaru gifted it to you in the Desolation of
                  | Salt)
 42882 | Desolati | Found the +9 staff of Wucad Mu {channel}
 42896 | Desolati | Got a bound steel ring
 42898 | Desolati | Identified the ring of Meol {*Tele rElec} (You found it in
                  | the Desolation of Salt)
 43489 | Lair:1   | Identified the +5 mace "Wopolah" {freeze, Int+4} (You found
                  | it in the Desolation of Salt)
 43830 | Elf:2    | Killed Titud's ghost
 43830 | Elf:2    | Reached skill level 1 in Evocations
 44239 | Elf:2    | Found a huge runed translucent gate.
 44239 | Elf:2    | Found a huge runed translucent gate.
 44252 | Elf:2    | Found a huge runed translucent gate.
 44252 | Elf:2    | Found a huge runed translucent gate.
 44252 | Elf:2    | Found a huge runed translucent gate.
 44694 | Elf:3    | Entered Level 3 of the Elven Halls
 44706 | Elf:3    | Found a runed translucent door.
 44767 | Elf:3    | Reached XP level 20. HP: 193/193 MP: 21/21
 44791 | Elf:3    | Received a gift from Okawaru
 44792 | Elf:3    | Found the +3 pair of gauntlets of War {Slay+5}
 44960 | Elf:3    | Found Qettad's Armour Emporium.
 45021 | Elf:3    | Found Sebboiq's Assorted Antiques.
 45063 | Elf:3    | Found Kasikakk's Antique Weapon Shoppe.
 45270 | Elf:3    | Found Saridwy's Distillery.
 45278 | Elf:3    | Bought a potion of brilliance for 56 gold pieces
 45810 | Elf:3    | Identified the ring of Yddeas {*Tele rC+ Int+4}
 46453 | Elf:3    | Identified the +5 great mace of the Hummingbird {protect,
                  | rN++ Str-5}
 46455 | Elf:3    | Identified the ring "Laggecse" {MP+9 Str-4 Dex+4 SInv}
 47310 | Elf:3    | Identified the +1 scale mail of Fashionability {rF+ SInv
                  | Stlth+}
 47447 | Elf:3    | Found the ring of the Octopus King
 47459 | Elf:3    | Got a ring of the Octopus King
 47478 | Elf:3    | Identified a ring of the Octopus King {AC+1 EV+1 Str+1
                  | Int+1 Dex+1 Stlth+} (You found it on level 3 of the Elven
                  | Halls)
 48404 | Elf:3    | Noticed ssgaztpd's ghost (adept TrBe)
 48430 | Elf:3    | Killed ssgaztpd's ghost
 48932 | Vaults:1 | Entered Level 1 of the Vaults
 49052 | Vaults:1 | Received a gift from Okawaru
 49168 | Vaults:1 | Found Qiyjocy's Magic Scroll Shoppe.
 49191 | Vaults:1 | Bought a scroll of blinking for 90 gold pieces
 49191 | Vaults:1 | Bought a scroll of enchant weapon for 90 gold pieces
 49191 | Vaults:1 | Bought a scroll of identify for 24 gold pieces
 49191 | Vaults:1 | Bought a scroll of silence for 90 gold pieces
 49191 | Vaults:1 | Bought a scroll of identify for 24 gold pieces
 49191 | Vaults:1 | Bought a scroll of magic mapping for 42 gold pieces
 49191 | Vaults:1 | Bought a scroll of magic mapping for 42 gold pieces
 49498 | Vaults:1 | You fall into a shaft and drop 1 floor!
 49502 | Vaults:2 | Found a flickering gateway to a bazaar.
 49509 | Bazaar   | Entered a bazaar
 49509 | Bazaar   | Found Oqinaz's Gadget Emporium.
 49509 | Bazaar   | Found Cemirufa's Distillery.
 49509 | Bazaar   | Found Feriypp's Assorted Antiques.
 49511 | Bazaar   | Found Vinilaeda's Distillery.
 49522 | Bazaar   | Bought a potion of heal wounds for 45 gold pieces
 49522 | Bazaar   | Bought a potion of curing for 27 gold pieces
 49522 | Bazaar   | Bought 2 potions of curing for 54 gold pieces
 49522 | Bazaar   | Bought a potion of might for 36 gold pieces
 49528 | Bazaar   | Bought a runed diamond ring for 155 gold pieces
 49904 | Vaults:1 | Received a gift from Okawaru
 49924 | Vaults:1 | Got a transparent cloak {god gift}
 49935 | Vaults:1 | Identified the +0 cloak of the Kraken {*Corrode +Inv +Fly
                  | Int+4} (Okawaru gifted it to you on level 1 of the Vaults)
 50676 | Vaults:2 | Reached XP level 21. HP: 203/203 MP: 22/22
 51825 | D:10     | Killed Eurus's ghost
 52494 | Vaults:3 | Found a roughly hewn altar of Beogh.
 52549 | Vaults:3 | Received a gift from Okawaru
 52559 | Vaults:3 | Got a steaming scimitar {god gift}
 52648 | Vaults:3 | Identified the +9 scimitar "Beraokibb" {antimagic, rPois
                  | rC+ MR+ Dex-4} (Okawaru gifted it to you on level 3 of the
                  | Vaults)
 52728 | Vaults:3 | Found Adenaam's Armour Shoppe.
 52984 | Vaults:3 | Found a staircase to the Crypt.
 53071 | Vaults:3 | Found Keekimue's Weapon Emporium.
 53303 | Vaults:3 | Received a gift from Okawaru
 54052 | Vaults:4 | Reached XP level 22. HP: 187/215 MP: 23/23
 54092 | Vaults:4 | Received a gift from Okawaru
 54740 | Vaults:4 | Noticed Frederick
 54758 | Vaults:4 | Killed Frederick
 54767 | Vaults:4 | Received a gift from Okawaru
 54875 | Vaults:5 | Entered Level 5 of the Vaults
 55092 | Vaults:5 | Paralysed by a floating eye for 4 turns
 55319 | Vaults:5 | Paralysed by a floating eye for 2 turns
 55459 | Vaults:5 | Paralysed by a floating eye for 2 turns
 55734 | Vaults:5 | Noticed a golden dragon
 55833 | Vaults:4 | Killed a golden dragon
 56006 | Vaults:5 | Paralysed by a hornet for 3 turns
 56023 | Vaults:4 | Received a gift from Okawaru
 56033 | Vaults:4 | Got a pair of steaming gloves {god gift}
 56052 | Vaults:4 | Identified the +0 pair of gloves of the Learner {Str+6}
                  | (Okawaru gifted it to you on level 4 of the Vaults)
 56133 | Vaults:5 | Noticed a golden dragon
 56162 | Vaults:4 | Killed a golden dragon
 56813 | Vaults:5 | Reached XP level 23. HP: 163/224 MP: 24/24
 57827 | Vaults:5 | Identified the +6 hunting sling of Melee {venom, rF- Str+4
                  | Int+3}
 57959 | Vaults:5 | Got a silver rune of Zot
 57976 | Vaults:5 | Identified the Almanac of the Venomous Rocks
 58080 | Vaults:5 | Identified the cursed +1 hand axe "Juwesm" {flame, Dex+5}
 58113 | Vaults:5 | Identified Sif Muna's Tome of Damage Dealing and
                  | Self-Knowledge
 58218 | Vaults:5 | Found the cursed +13 scythe of Curses {drain, *Curse}
 58321 | Vaults:5 | Received a gift from Okawaru
 58333 | Vaults:5 | Identified the +11 battleaxe of the Last Deaths {elec,
                  | *Rage Str+8 Dex+4}
 58439 | Vaults:5 | Found the +9 staff of Olgreb {rPois}
 58440 | Vaults:5 | Found the +7 captain's cutlass {speed, disarm}
 58461 | Vaults:5 | Identified the Disquisition on Dark Clay
 58698 | Vaults:5 | Paralysed by a floating eye for 2 turns
 60160 | Depths:1 | Entered Level 1 of the Depths
 60253 | Depths:1 | Received a gift from Okawaru
 60320 | Depths:1 | Found a one-way gate leading to the halls of Pandemonium.
 60340 | Depths:1 | Found a magical portal.
 60697 | WizLab   | Entered Iskenderun's Mystic Tower
 61746 | WizLab   | Identified Iskenderun's Handbook of Confrontation
 61746 | WizLab   | Identified Iskenderun's Guide on Battle Magic
 61763 | WizLab   | Identified the Incunabulum of Necromancy and Stones
 61763 | WizLab   | Identified the Disquisition on the Dislocated Frostbite
 62166 | Depths:1 | Received a gift from Okawaru
 62239 | Depths:1 | Found a shattered altar of Ashenzari.
 62318 | Depths:1 | Found a gateway to Hell.
 62370 | Depths:1 | Noticed Asterion
 62387 | Depths:1 | Killed Asterion
 62418 | Depths:1 | Reached XP level 24. HP: 226/236 MP: 25/25
 62484 | Depths:1 | Noticed Bai Suzhen
 62502 | Depths:1 | Killed Bai Suzhen
 62502 | Depths:1 | Reached skill level 27 in Shields
 63411 | Depths:3 | Found a one-way gate to the infinite horrors of the Abyss.
 63420 | Depths:3 | Found a gateway to a ziggurat.
 63489 | Depths:3 | Got a scorched crystal amulet
 63615 | Depths:3 | Found a bloodstained altar of Trog.
 63707 | Depths:3 | You fall into a shaft and drop 1 floor!
 64546 | Depths:2 | Received a gift from Okawaru
 64662 | Depths:2 | Got a smoking cloak {god gift}
 64695 | Depths:2 | Identified the +3 cloak of Polish {MR+ Int+3 Stlth+}
                  | (Okawaru gifted it to you on level 2 of the Depths)
 64980 | Depths:3 | Identified the +3 faerie dragon scales {rPois rCorr HP+2}
 64980 | Depths:3 | Noticed the Enchantress
 64995 | Depths:3 | Killed the Enchantress
 65017 | Depths:3 | Identified the amulet of Caconuiz {Harm *Drain rF+ Dex+4}
                  | (You found it on level 3 of the Depths)
 67413 | Depths:4 | Reached XP level 25. HP: 249/249 MP: 25/25
 67695 | Depths:4 | Found a runed translucent gate.
 67695 | Depths:4 | Found a runed translucent gate.
 67695 | Depths:4 | Found a runed translucent gate.
 67765 | Depths:4 | Found a runed translucent gate.
 67765 | Depths:4 | Found a runed translucent gate.
 67765 | Depths:4 | Found a runed translucent gate.
 67792 | Depths:4 | Received a gift from Okawaru
 67799 | Depths:4 | Got a fine falchion {god gift}
 67800 | Depths:4 | Identified the +1 falchion "Impslayer" {slice, Str+3}
                  | (Okawaru gifted it to you on level 4 of the Depths)
 68362 | Depths:4 | Got a slimy pewter ring
 68382 | Depths:4 | Identified the ring "Cimpeuc" {rElec rPois MP-9 AC+2} (You
                  | found it on level 4 of the Depths)
 68430 | Depths:5 | Entered Level 5 of the Depths
 68507 | Depths:5 | Found a gate to the Realm of Zot.
 69695 | Crypt:1  | Entered Level 1 of the Crypt
 69709 | Crypt:1  | Reached skill level 5 in Invocations
 70601 | Crypt:1  | Received a gift from Okawaru
 70677 | Crypt:1  | Noticed Boris
 70719 | Crypt:1  | Killed Boris
 70724 | Crypt:1  | Identified the Almanac of Unholy Magic
 71762 | Crypt:3  | Entered Level 3 of the Crypt
 72390 | Crypt:3  | Found the +8 longbow "Zephyr" {speed, Dex+3 SInv}
 72422 | Crypt:3  | Reached XP level 26. HP: 251/264 MP: 16/25
 72560 | Crypt:3  | Found a basalt altar of Yredelemnul.
 73832 | Crypt:3  | Received a gift from Okawaru
 74374 | Crypt:3  | Found a staircase to the Tomb.
 74935 | Crypt:3  | Got a fine bone amulet
 74935 | Crypt:3  | Got a clouded iron ring
 74938 | Crypt:3  | Identified the amulet "Bajip" {rPois MR- Regen+ Int+8} (You
                  | found it on level 3 of the Crypt)
 74939 | Crypt:3  | Identified the ring of Corgh {rF++ rN+ MR+} (You found it
                  | on level 3 of the Crypt)
 75517 | Crypt:3  | Reached skill level 27 in Fighting
 76191 | D:7      | Killed Prince Ribbit
 76682 | D:12     | Killed Sonja
 76891 | D:15     | Bought a scroll of enchant weapon for 120 gold pieces
 76891 | D:15     | Bought a potion of might for 64 gold pieces
 77344 | Elf:3    | Bought 2 potions of cancellation for 528 gold pieces
 77515 | Elf:3    | Bought a potion of haste for 140 gold pieces
 77842 | Shoals:2 | Killed Elric's ghost
 78924 | Hell     | Entered the Vestibule of Hell
 78924 | Hell     | Noticed Geryon
 79188 | Hell     | Killed Geryon
 79334 | Zot:1    | Entered Level 1 of the Realm of Zot
 79597 | Zot:1    | Received a gift from Okawaru
 79602 | Zot:1    | Got a pair of dazzling gloves {god gift}
 79759 | Zot:1    | Reached skill level 27 in Long Blades
 81555 | Zot:2    | Reached XP level 27. HP: 265/271 MP: 17/26
 82657 | Zot:3    | Noticed an orb of fire
 82658 | Zot:3    | Gained mutation: Your spells are a little harder to cast,
                  | but a little more powerful. [an orb of fire]
 82671 | Zot:2    | Received a gift from Okawaru
 82961 | Zot:2    | Killed an orb of fire
 83326 | Zot:3    | Got a translucent chain mail
 83327 | Zot:3    | Identified the +2 chain mail of Pofu {+Inv +Fly rPois
                  | Str-4} (You found it on level 3 of the Realm of Zot)
 83328 | Zot:3    | Identified the -5 pair of gloves of the Devil's Team
                  | {Slay+2} (Okawaru gifted it to you on level 1 of the Realm
                  | of Zot)
 83369 | Zot:3    | Reached skill level 27 in Armour
 83432 | Zot:3    | Identified the +4 dragonskin cloak
 83432 | Zot:3    | Noticed Tiamat
 83945 | Zot:3    | Killed Tiamat
 83945 | Zot:3    | Reached skill level 5 in Stealth
 84382 | Zot:3    | Received a gift from Okawaru
 86004 | Zot:4    | Reached skill level 10 in Invocations
 86040 | Zot:4    | Received a gift from Okawaru
 86043 | Zot:4    | Got a crude hat {god gift}
 86063 | Zot:3    | Identified the +2 hat of Charity {rCorr} (Okawaru gifted it
                  | to you on level 4 of the Realm of Zot)
 86229 | Zot:4    | Noticed an orb of fire
 86233 | Zot:4    | Gained mutation: Potions are less effective at restoring
                  | your health. [an orb of fire]
 86240 | Zot:4    | Gained mutation: You can translocate small distances at
                  | will. [an orb of fire]
 86241 | Zot:4    | Killed an orb of fire
 86253 | Zot:4    | Noticed an orb of fire
 86258 | Zot:4    | Gained mutation: You are frail. (-10% HP) [an orb of fire]
 86269 | Zot:4    | Killed an orb of fire
 86464 | Zot:4    | Identified the amulet of Ziniuv {Reflect Dex+4 SH+2}
 86991 | Zot:5    | Entered Level 5 of the Realm of Zot
 88064 | Zot:5    | Reached skill level 10 in Stealth
 88083 | Zot:5    | Received a gift from Okawaru
 88289 | Zot:5    | Noticed an ancient lich
 88292 | Zot:5    | Paralysed by an ancient lich for 2 turns
 88304 | Zot:5    | Paralysed by an ancient lich for 4 turns
 88310 | Zot:5    | Killed an ancient lich
 88564 | Zot:5    | Noticed an orb of fire
 88574 | Zot:5    | Gained mutation: Scrolls take you a little longer to read.
                  | [an orb of fire]
 88579 | Zot:5    | Killed an orb of fire
 88590 | Zot:5    | Noticed an orb of fire
 88604 | Zot:5    | Killed an orb of fire
 88604 | Zot:5    | Received a gift from Okawaru
 88625 | Zot:5    | Noticed an orb of fire
 88640 | Zot:5    | Killed an orb of fire
 88782 | Zot:5    | Reached skill level 15 in Invocations
 89068 | Zot:5    | Got a smoking falchion {god gift}
 89078 | Zot:5    | Identified the +1 falchion "Rijowar" {freeze, MR+ Str+5}
                  | (Okawaru gifted it to you on level 5 of the Realm of Zot)
 89227 | Zot:5    | Noticed an orb of fire
 89236 | Zot:5    | Noticed an ancient lich
 89237 | Zot:5    | Noticed an ancient lich
 89239 | Zot:5    | Noticed an orb of fire
 89280 | Zot:5    | Noticed an orb of fire
 89282 | Zot:5    | Gained mutation: You are dopey. (Int -2) [an orb of fire]
 89286 | Zot:5    | Gained mutation: You are clumsy. (Dex -2) [an orb of fire]
 89287 | Zot:5    | Killed an orb of fire
 89287 | Zot:5    | Received a gift from Okawaru
 89287 | Zot:5    | Noticed an orb of fire
 89289 | Zot:5    | Killed an orb of fire
 89294 | Zot:5    | Gained mutation: You are very frail. (-20% HP) [an orb of
                  | fire]
 89298 | Zot:5    | Gained mutation: You are very clumsy. (Dex -4) [an orb of
                  | fire]
 89299 | Zot:5    | Gained mutation: You do not regenerate when monsters are
                  | visible. [an orb of fire]
 89300 | Zot:5    | Gained mutation: Your magical capacity is low. (-10% MP)
                  | [an orb of fire]
 89302 | Zot:5    | Gained mutation: Your body sometimes deteriorates upon
                  | taking damage. [an orb of fire]
 89304 | Zot:5    | Killed an orb of fire
 89342 | Zot:5    | Received a gift from Okawaru
 89677 | Zot:5    | Got an iridescent falchion {god gift}
 89678 | Zot:5    | Identified the +2 falchion "Memoill" {venom, Str+3}
                  | (Okawaru gifted it to you on level 5 of the Realm of Zot)
 89683 | Zot:5    | Got a blackened scimitar {god gift}
 89684 | Zot:5    | Identified the +7 scimitar "Goblinbane" {protect, rPois}
                  | (Okawaru gifted it to you on level 5 of the Realm of Zot)
 90910 | Zot:5    | Gained mutation: Scrolls take you longer to read. [an orb
                  | of fire]
 90916 | Zot:5    | Gained mutation: You are very dopey. (Int -4) [an orb of
                  | fire]
 90922 | Zot:5    | Killed an orb of fire
 91687 | Hell     | Found a gateway to the Iron City of Dis.
 91717 | Hell     | Found a gateway to the ashen valley of Gehenna.
 91812 | Hell     | Found a gateway to the decaying netherworld of Tartarus.
 91879 | Hell     | Found a gateway to the freezing wastes of Cocytus.
 92508 | Slime:1  | Entered Level 1 of the Pits of Slime
 92549 | Slime:2  | Received a gift from Okawaru
 92894 | Slime:5  | Entered Level 5 of the Pits of Slime
 92944 | Slime:5  | Noticed the Royal Jelly
 93159 | Slime:5  | Killed the Royal Jelly
 93258 | Slime:4  | Gained mutation: Your body often deteriorates upon taking
                  | damage. [a shining eye]
 93259 | Slime:4  | Gained mutation: You tend to lose your temper in combat. [a
                  | shining eye]
 93878 | Slime:5  | Received a gift from Okawaru
 93894 | Slime:5  | Found the +10 large shield of Ignorance {rN+ Int-4}
 93935 | Slime:5  | Gained mutation: You are occasionally teleported next to
                  | monsters. [a shining eye]
 93937 | Slime:5  | Lost mutation: Your magical capacity is low. (-10% MP) [a
                  | shining eye]
 94008 | Slime:5  | Lost mutation: Your spells are a little harder to cast, but
                  | a little more powerful. [a shining eye]
 94009 | Slime:5  | Gained mutation: You occasionally shout uncontrollably at
                  | your foes. [a shining eye]
 94455 | Slime:5  | Got polished pearl dragon scales
 94462 | Slime:5  | Identified the Disquisition on Burning Weightlessness
 94502 | Slime:5  | Got a fine lapis lazuli ring
 94505 | Slime:5  | Identified the ring of Jemuaph {rCorr MP+9 Dex+3} (You
                  | found it on level 5 of the Pits of Slime)
 94506 | Slime:5  | Got an ichor-stained scimitar
 94509 | Slime:5  | Identified the +3 scimitar of Plog {antimagic, rPois rF+}
                  | (You found it on level 5 of the Pits of Slime)
 94511 | Slime:5  | Identified the +5 pearl dragon scales of Xorulat {*Contam
                  | rN+ Dex+6} (You found it on level 5 of the Pits of Slime)
 94533 | Slime:5  | Got a slimy rune of Zot
 94592 | Slime:5  | Got a smoking scale mail
 94595 | Slime:5  | Identified the +11 scale mail "Uduoh" {-Cast rN+ Str+4
                  | Dex+4} (You found it on level 5 of the Pits of Slime)
 94932 | Slime:2  | Gained mutation: You sometimes yell uncontrollably at your
                  | foes. [a shining eye]
 94936 | Slime:2  | Gained mutation: Scrolls take you much longer to read. [a
                  | shining eye]
 95076 | Lair:1   | Lost mutation: You can translocate small distances at will.
                  | [potion of mutation]
 95076 | Lair:1   | Lost mutation: You tend to lose your temper in combat.
                  | [potion of mutation]
 95076 | Lair:1   | Lost mutation: Your body often deteriorates upon taking
                  | damage. [potion of mutation]
 95076 | Lair:1   | Lost mutation: You are very frail. (-20% HP) [potion of
                  | mutation]
 95077 | Lair:1   | Lost mutation: You are very dopey. (Int -4) [potion of
                  | mutation]
 95077 | Lair:1   | Lost mutation: Scrolls take you much longer to read.
                  | [potion of mutation]
 95077 | Lair:1   | Gained mutation: Your spells are a little easier to cast,
                  | but a little less powerful. [potion of mutation]
 95077 | Lair:1   | Gained mutation: Your flesh is cold resistant. (rC+)
                  | [potion of mutation]
 95078 | Lair:1   | Lost mutation: You are dopey. (Int -2) [potion of mutation]
 95078 | Lair:1   | Lost mutation: You sometimes yell uncontrollably at your
                  | foes. [potion of mutation]
 95078 | Lair:1   | Gained mutation: You possess an exceptional clarity of
                  | mind. [potion of mutation]
 95129 | Lair:1   | Lost mutation: Potions are less effective at restoring your
                  | health. [potion of mutation]
 95129 | Lair:1   | Lost mutation: Scrolls take you longer to read. [potion of
                  | mutation]
 95129 | Lair:1   | Lost mutation: You occasionally shout uncontrollably at
                  | your foes. [potion of mutation]
 95129 | Lair:1   | Lost mutation: You are very clumsy. (Dex -4) [potion of
                  | mutation]
 95129 | Lair:1   | Lost mutation: You do not regenerate when monsters are
                  | visible. [potion of mutation]
 95129 | Lair:1   | Gained mutation: You are somewhat resistant to further
                  | mutation. [potion of mutation]
 95132 | Lair:1   | Lost mutation: You are clumsy. (Dex -2) [potion of
                  | mutation]
 95132 | Lair:1   | Lost mutation: Scrolls take you a little longer to read.
                  | [potion of mutation]
 95136 | Lair:1   | Lost mutation: Your flesh is cold resistant. (rC+) [potion
                  | of mutation]
 95136 | Lair:1   | Lost mutation: You possess an exceptional clarity of mind.
                  | [potion of mutation]
 95136 | Lair:1   | Lost mutation: Your body sometimes deteriorates upon taking
                  | damage. [potion of mutation]
 95136 | Lair:1   | Lost mutation: You are frail. (-10% HP) [potion of
                  | mutation]
 95153 | Lair:1   | Lost mutation: You are occasionally teleported next to
                  | monsters. [potion of mutation]
 95153 | Lair:1   | Lost mutation: You are somewhat resistant to further
                  | mutation. [potion of mutation]
 95153 | Lair:1   | Gained mutation: Your natural rate of healing is unusually
                  | fast. [potion of mutation]
 95153 | Lair:1   | Gained mutation: Your muscles are strong. (Str +2) [potion
                  | of mutation]
 95153 | Lair:1   | Gained mutation: You are partially covered in iridescent
                  | scales. (AC +2) [potion of mutation]
 96008 | Pan      | Entered Pandemonium
 96033 | Pan      | Found an exit through the horrors of the Abyss.
 96280 | Pan      | Noticed Vavediacw the pandemonium lord
 96529 | Pan      | Identified Easy Casting
 96588 | Pan      | Killed Vavediacw the pandemonium lord
 96778 | Pan      | Found a runed translucent door.
 96798 | Pan      | Got a demonic rune of Zot
 96882 | Pan      | Received a gift from Okawaru
 97202 | Pan      | Noticed Davek the pandemonium lord
 97215 | Pan      | Killed Davek the pandemonium lord
 97215 | Pan      | Reached skill level 15 in Stealth
 97477 | Pan      | Identified the +6 plate armour "Meirch" {*Slow rElec rN++
                  | Int+9}
 97587 | Pan      | Found an exit through the horrors of the Abyss.
 97641 | Pan      | Reached skill level 5 in Evocations
 98189 | Pan      | Gained mutation: You occasionally shout uncontrollably at
                  | your foes. [a cacodemon]
 98194 | Pan      | Gained mutation: You can translocate small distances at
                  | will. [a cacodemon]
 98204 | Pan      | Noticed Ynulu the pandemonium lord
 98418 | Pan      | Found an exit through the horrors of the Abyss.
100091 | Pan      | HP: 6/272 [hellion/damnation (25)]
100770 | Pan      | Received a gift from Okawaru
101354 | Pan      | HP: 12/273 [hellion/damnation (5)]
101701 | Pan      | Learned a level 1 spell: Freeze
103576 | Pan      | HP: 6/273 [hellion/damnation (22)]
103582 | Pan      | Killed from afar by a hellion

Levels and vault maps discovered:
D:1:      giann_horns, layout_basic
D:2:      layout_loops_ring, kennysheep_slug_shrine,
          grunt_temple_overflow_cloverleaf, marbit_many_paths,
          chequers_ecumenical_altar_simple_redux, first_ration,
          kennysheep_generic_room_13
D:3:      layout_loops_ring, dk_vineyard_2, uniq_sigmund, uniq_terence
D:4:      layout_basic, elyvilon_altar_3, kiku_gazebo_garden_becter
D:5:      kennysheep_windowed_halls, layout_gridville
D:6:      layout_basic, grunt_dithmenos_smoke, minmay_temple_entry_purple_smoke,
          nicolae_qazlal_style_of_elements
D:7:      layout_rooms, vehumet_altar_wand_db, uniq_pikel, uniq_prince_ribbit1,
          uniq_duvessa
D:8:      layout_cave_pools, serial_shops, kennysheep_little_box, uniq_grum,
          uniq_erica
D:9:      layout_roguey, nicolae_overflow_crystal_walls, orc_david_3,
          grunt_pizzeria
D:10:     layout_rooms, erik_lair_dragon, gammafunk_ghost_split,
          corexii_leaking_fountain, uniq_urug
D:11:     wad_statue_garden, layout_long_grid
D:12:     layout_roguey [special_room_bee], serial_glass, glass_columns_a,
          glass_columns_c, serial_shops, shop_fountains, nicolae_shop_stone,
          nicolae_shop_overgrown_old_shop, uniq_sonja, uniq_frances
D:13:     layout_long_grid, grunt_vaults_entry_fortified,
          portal_ice_cave_entry_pillars_2, grunt_decor_resistance,
          minmay_pinched_square
D:14:     layout_gridville, gammafunk_ghost_spectres
D:15:     grunt_enter_depths_magical_seal, layout_irregular_city,
          maelrawn_ghost_gauntlet_escape, serial_shops, nicolae_shop_stone,
          nicolae_shop_crystal, nicolae_shop_crystal, shop, solitary_fountain
Temple:   pf_slimified_temple
Lair:1:   layout_cave_pods
Lair:2:   layout_misc_corridors, shoals_dummy_entry, minmay_lair_oklob_chamber,
          grunt_megastairs_1, uniq_gastronok
Lair:3:   beast_lair_carwin_large_1, layout_cave_pods, roderic_carrion_pond,
          infiniplex_staircase_pool
Lair:4:   layout_roguey, minmay_snake_entry_guardpost_small
Lair:5:   layout_roguey [special_room_mythical_zoo],
          nicolae_slime_entry_slimehenge
Lair:6:   evilmike_catoblepas_cave, layout_cave_pods, lemuel_oklob_altar,
          serial_bayou_shore_b
Shoals:1: layout_shoals, nicolae_shoals_kraken_intersection
Shoals:2: layout_shoals, ebering_ghost_xom
Shoals:3: layout_shoals
Shoals:4: shoals_end_hangedman, layout_shoals, nicolae_shoals_undead_eyrie,
          uniq_polyphemus
Snake:1:  layout_misc_corridors
Snake:2:  layout_layer_cave, basic_altar
Snake:3:  layout_onion, st_stairs_13, uniq_jorgrun
Snake:4:  grunt_snake_rune_pools, layout_cave_town, serial_shops, shop
Slime:1:  layout_caves, cheibrodos_slime_lost_civilization_5
Slime:2:  layout_caves
Slime:3:  layout_caves
Slime:4:  layout_caves
Slime:5
Orc:1:    minmay_goldmine, layout_caves, statue_in_the_mist_lemuel
Orc:2:    grunt_orc_tribal_feast, layout_diamond_mine, uniq_erolcha
Elf:1:    elf_arrival_002, layout_geoelf_octagon, kennysheep_underground_church,
          grunt_megastairs_3, uniq_azrael, uniq_donald
Elf:2:    layout_loops_cross, ebering_ghost_reflecting_pool,
          portal_desolation_entry_twin_temple, minmay_misc_feat_rows
Elf:3:    minmay_elf_hall_x, layout_loops_cross, serial_shops, shop, shop, shop,
          shop, ebering_ghost_inner_flame, hangedman_elf_disciples
Vaults:1: v_misc_22, nicolae_vaults_shelves_hall,
          nicolae_vaults_ring_of_whatevers, vaults_room_pools, v_rooms_2,
          v_rooms_6, v_alt_pattern_2, vaults_dpeg_cross,
          nicolae_vaults_little_squares_6, layout_vaults_omnicross,
          serial_shops, shop
Vaults:2: grunt_vaults_hallway_short, st_spiral_rooms, vaults_room_pools,
          ontoclasm_vaults_claustrophobia, hangedman_vaults_slither,
          ontoclasm_vaults_misaligned, vaults_room_door_hall,
          layout_vaults_ring, serial_shops, bzr_entry_dummy
Vaults:3: ontoclasm_vaults_shuriken, minmay_crypt_entry_simple_sparse,
          v_misc_15, special_room_vaults [special_room_orc],
          nicolae_vaults_ring_of_whatevers, vaults_room_corners,
          vaults_mumra_minichess_inversion, vaults_dpeg_ring, vaults_room_fours,
          dpeg_vaults_monster_box, layout_vaults_chaotic_city, serial_shops,
          shop
Vaults:4: v_rooms_3, vaults_dpeg_doors, v_misc_1, vaults_mumra_hexcomb,
          nicolae_vaults_stairing_the_circle, vaults_standard_mumra_x,
          hangedman_vaults_capsules, sword_in_stone, ontoclasm_vaults_tryst,
          ontoclasm_vaults_pinch, vaults_dpeg_spiral, layout_vaults_omnibox
Vaults:5
Crypt:1:  layout_gridlike, special_room [special_room_morgue],
          grunt_megastairs_2, uniq_boris
Crypt:2:  layout_basic
Crypt:3:  evilmike_haunted_forest
Depths:1: layout_roguey, kennysheep_cluttered_room, rand_demon_pan_entry_7,
          grunt_hell_entry_dis_grunt, mu_enter_wizlab_3, ashenzari_altar_1,
          uniq_bai_suzhen, uniq_asterion
Depths:2: hangedman_arrow_trap, layout_cave_pools, hell_entry, drop_trap,
          infiniplex_staircase_pillars_1
Depths:3: spriggan_forest, abyss_entry, serial_shops, hell_entry, pan_entry
Depths:4: kennysheep_treasure_stockpile, layout_gridlike, abyss_entry,
          minivault_14, hell_entry, minmay_staircase_bubble,
          kennysheep_random_hallway
Depths:5: evilmike_zot_entry_basic, layout_cave_pools,
          abyss_entry_small_statue_room, hangedman_geh_valley,
          grunt_decor_one_mirror, dk_noncrumbling_3, serial_bayou_shore_b
Hell
Zot:1:    infiniplex_zot_generator, layout_twisted_circle
Zot:2:    layout_gridlike
Zot:3:    layout_concentric_octagons, skrybe_zot_glass_2, uniq_tiamat
Zot:4:    hangedman_zot_vaults_quadrants, layout_onion_interference
Zot:5:    layout_gridville
Pan:      lemuel_hellion_island, layout_small_grid, nicolae_pan_lom_lobonic_3

Skill      XL: |  1  2  3  4  5  6  7  8  9 10 11 12 13 14 15 16 17 18 19 20 21 22 23 24 25 26 27 |
---------------+----------------------------------------------------------------------------------+-----
Armour         | 4 5 6 7 8 9 10 12 13 15 16 17 18 19 20 21 22 25 27 | 27.0
Fighting       | 4 5 6 7 8 10 11 13 14 15 16 17 18 20 21 22 23 25 26 27 | 27.0
Long Blades    | 3 4 5 6 7 9 10 12 13 14 15 16 17 18 19 20 21 22 23 24 25 27 | 27.0
Shields        | 4 5 7 9 10 11 13 14 16 17 18 19 20 21 23 24 25 26 27 | 27.0
Dodging        | 1 2 3 4 5 |  5.4
Invocations    | 1 2 3 4 5 20 | 20.4
Stealth        | 1 2 15 | 15.6
Evocations     | 1 8 |  8.6
Throwing       | |  0.8

Action                   |  1- 3 |  4- 6 |  7- 9 | 10-12 | 13-15 | 16-18 | 19-21 | 22-24 | 25-27 || total
-------------------------+-------+-------+-------+-------+-------+-------+-------+-------+-------++-------
Melee: Long sword        |    90 |   117 |   464 |       |       |       |       |       |       ||   671
       Headbutt          |    11 |    21 |   114 |   182 |   612 |   463 |   319 |   435 |  1152 ||  3309
       Scimitar          |       |       |       |   701 |   315 |       |       |       |       ||  1016
       Falchion          |       |       |       |       |  1456 |   569 |       |       |   938 ||  2963
       Double sword      |       |       |       |       |       |   886 |  1113 |   796 |  2179 ||  4974
       Demon blade       |       |       |       |       |       |       |       |   443 |       ||   443
Throw: Boomerang         |       |       |       |       |       |       |       |       |    25 ||    25
Invok: Heroism           |       |       |       |     8 |    19 |     7 |     2 |     9 |    12 ||    57
       Finesse           |       |       |       |       |     1 |     1 |       |     5 |       ||     7
Evoke: Wand              |       |       |       |     4 |       |       |     7 |     2 |    42 ||    55
       Phial of floods   |       |       |       |       |       |       |       |       |     1 ||     1
  Use: Scroll            |       |       |     1 |     7 |    17 |    16 |     9 |     6 |    19 ||    75
       Potion            |       |       |     2 |     6 |     3 |     9 |       |     3 |    29 ||    52
 Stab: Confused          |       |       |       |       |       |       |       |       |     1 ||     1
       Distracted        |       |       |       |       |       |       |       |       |     1 ||     1
  Eat: Chunk             |     1 |    17 |    12 |    29 |    51 |    50 |    23 |    30 |    45 ||   258
       Ration            |       |       |       |       |       |       |     3 |     4 |    21 ||    28
Armor: Chain mail        |    56 |    47 |   208 |       |       |       |       |       |       ||   311
       Scale mail        |     4 |       |       |       |       |       |       |       |       ||     4
       Plate armour      |       |       |    53 |   245 |   711 |   721 |    48 |       |       ||  1778
       Crystal plate arm |       |       |       |       |       |       |   230 |   493 |  1112 ||  1835
Dodge: Dodged            |    15 |    26 |   148 |   143 |   422 |   617 |   247 |   278 |   703 ||  2599
Block: Shield            |    60 |    48 |   311 |   342 |   579 |     6 |   158 |       |       ||  1504
       Buckler           |       |       |       |       |   292 |   783 |       |       |       ||  1075
       Large shield      |       |       |       |       |       |       |   891 |  1394 |  3403 ||  5688
       Reflection        |       |       |       |       |       |       |   101 |   136 |    92 ||   329
       Rpst.: Long sword |     1 |     7 |    34 |       |       |       |       |       |       ||    42
       Scimitar          |       |       |       |    27 |    16 |       |       |       |       ||    43
       Falchion          |       |       |       |       |    80 |    42 |       |       |    24 ||   146
       Double sword      |       |       |       |       |       |    61 |    44 |    16 |    57 ||   178
       Demon blade       |       |       |       |       |       |       |       |    18 |       ||    18

Table legend:
 A = Non-vault XP
 B = Vault XP
 C = Vault XP percentage of total XP
 D = Non-vault monster count
 E = Vault monster count
 F = Vault count percentage of total count
                 A         B        C        D         E       F
            +---------+---------+-------+---------+---------+-------
      Total | 1062593 | 1184011 |  52.7 |    1815 |    1318 |  42.1
            +---------+---------+-------+---------+---------+-------
        D:1 |      31 |       0 |   0.0 |      16 |       0 |   0.0
        D:2 |      71 |      30 |  29.7 |      18 |       3 |  14.3
        D:3 |     102 |     265 |  72.2 |      18 |       2 |  10.0
        D:4 |     337 |       0 |   0.0 |      13 |       0 |   0.0
        D:5 |     891 |     727 |  44.9 |      33 |      19 |  36.5
        D:6 |    1101 |     629 |  36.4 |      35 |       1 |   2.8
        D:7 |     443 |     505 |  53.3 |      15 |       4 |  21.1
        D:8 |    2197 |    1340 |  37.9 |      35 |       4 |  10.3
        D:9 |    2975 |     230 |   7.2 |      30 |       6 |  16.7
       D:10 |    4497 |    3520 |  43.9 |      34 |      13 |  27.7
       D:11 |    5004 |    3198 |  39.0 |      31 |      14 |  31.1
       D:12 |    7761 |    5723 |  42.4 |      44 |      28 |  38.9
       D:13 |    7790 |   14119 |  64.4 |      27 |      26 |  49.1
       D:14 |   10264 |    2668 |  20.6 |      30 |       8 |  21.1
       D:15 |   18905 |    9522 |  33.5 |      44 |      18 |  29.0
     Lair:1 |    3468 |       0 |   0.0 |      19 |       0 |   0.0
     Lair:2 |     787 |    5030 |  86.5 |       4 |       7 |  63.6
     Lair:3 |    3057 |    2110 |  40.8 |      15 |      15 |  50.0
     Lair:4 |    1287 |     649 |  33.5 |       9 |       4 |  30.8
     Lair:5 |    6608 |    6818 |  50.8 |      18 |      32 |  64.0
     Lair:6 |    2888 |   12066 |  80.7 |       8 |      24 |  75.0
   Shoals:1 |    8840 |    2370 |  21.1 |      19 |       1 |   5.0
   Shoals:2 |   19174 |    2630 |  12.1 |      40 |       2 |   4.8
   Shoals:3 |   10344 |    2667 |  20.5 |      23 |       3 |  11.5
   Shoals:4 |   11078 |   23573 |  68.0 |      22 |      40 |  64.5
    Snake:1 |   17394 |       0 |   0.0 |      30 |       0 |   0.0
    Snake:2 |   17306 |    3169 |  15.5 |      31 |       1 |   3.1
    Snake:3 |   19964 |     535 |   2.6 |      37 |       1 |   2.6
    Snake:4 |   25507 |   38957 |  60.4 |      47 |      57 |  54.8
    Slime:1 |    4381 |       0 |   0.0 |      11 |       0 |   0.0
    Slime:2 |    8961 |       0 |   0.0 |      18 |       0 |   0.0
    Slime:3 |    2846 |       0 |   0.0 |       8 |       0 |   0.0
    Slime:4 |   11598 |    2561 |  18.1 |      13 |       1 |   7.1
    Slime:5 |   17242 |   32713 |  65.5 |      22 |      13 |  37.1
      Orc:1 |    1834 |     498 |  21.4 |      18 |      11 |  37.9
      Orc:2 |    3430 |    8479 |  71.2 |      17 |      31 |  64.6
      Elf:1 |   14040 |   11554 |  45.1 |      25 |      22 |  46.8
      Elf:2 |   14233 |   29086 |  67.1 |      23 |      35 |  60.3
      Elf:3 |    2933 |   44386 |  93.8 |       6 |      36 |  85.7
   Vaults:1 |   36854 |   14125 |  27.7 |      61 |      20 |  24.7
   Vaults:2 |   19130 |   13463 |  41.3 |      33 |      23 |  41.1
   Vaults:3 |   49922 |   38263 |  43.4 |      83 |      61 |  42.4
   Vaults:4 |   36441 |   84645 |  69.9 |      60 |      77 |  56.2
   Vaults:5 |   16312 |   87820 |  84.3 |      21 |      57 |  73.1
    Crypt:1 |   21498 |   24573 |  53.3 |      35 |      21 |  37.5
    Crypt:2 |    8216 |       0 |   0.0 |      19 |       0 |   0.0
    Crypt:3 |       0 |   77458 | 100.0 |       0 |     111 | 100.0
   Depths:1 |   56790 |   10212 |  15.2 |      74 |       8 |   9.8
   Depths:2 |   19416 |   20997 |  52.0 |      24 |      12 |  33.3
   Depths:3 |    3619 |   59496 |  94.3 |      14 |      99 |  87.6
   Depths:4 |   26676 |   36283 |  57.6 |      34 |      28 |  45.2
   Depths:5 |   32468 |   11488 |  26.1 |      42 |       9 |  17.6
       Hell |   25484 |   18032 |  41.4 |      38 |      32 |  45.7
      Zot:1 |   26264 |   37839 |  59.0 |      14 |      35 |  71.4
      Zot:2 |   76785 |       0 |   0.0 |      40 |       0 |   0.0
      Zot:3 |   73397 |   23404 |  24.2 |      42 |      12 |  22.2
      Zot:4 |   41281 |   50599 |  55.1 |      24 |      29 |  54.7
      Zot:5 |   60324 |  171861 |  74.0 |      39 |      40 |  50.6
        Pan |  140147 |   55463 |  28.4 |     212 |      41 |  16.2
      IceCv |       0 |    2636 | 100.0 |       0 |      10 | 100.0
     WizLab |       0 |   30552 | 100.0 |       0 |      33 | 100.0
 Desolation |       0 |   42475 | 100.0 |       0 |      78 | 100.0
            +---------+---------+-------+---------+---------+-------
